 Seeded DCSS version 0.30.1-9-gdf580d7c3d (webtiles) character file.

Game seed: 7229806256980976716 (custom seed)

12545 Psyclone the Geomancer (level 12, 116/116 HPs)
             Began as a Meteoran Earth Elementalist on Oct 17, 2023.
             Was an Initiate of Gozag.
             Quit the game on level 10 of the Dungeon.
             The game lasted 00:28:14 (3267 turns).

Psyclone the Geomancer (MeEE)                       Turns: 3267, Time: 00:28:15

Health: 116/116    AC:  7    Str:  8    XL:     12   Next: 51%
Magic:  29/29      EV: 15    Int: 30    God:    Gozag
Gold:   890        SH:  0    Dex: 13    Spells: 19/35 levels left

rFire   . . .        p - staff of earth
rCold   . . .        (no shield)
rNeg    + . .        a - +0 robe
rPois   .            (no helmet)
rElec   .            (no cloak)
rCorr   .            n - +0 pair of gloves
SInv    .            f - +1 pair of boots
Will    +....        (no amulet)
Stlth   +            D - ring of positive energy
HPRegen 0.39/turn    (no ring)
MPRegen 0.21/turn

%: no passive effects
@: glowing
A: sense surroundings 2, otherworldly, glowing, explore regen, iridescent scales
1, clever 2, robust 1, MP-powered wands, noise suppression
a: Renounce Religion, Potion Petition, Call Merchant, Bribe Branch


You were on level 10 of the Dungeon.
You worshipped Gozag.
Gozag was pleased with you.
You visited 1 branch of the dungeon, and saw 10 of its levels.
You also visited: Ossuary and Bailey.

You collected 4304 gold pieces.
You paid 3414 gold pieces to Gozag.

Inventory:

Hand Weapons
 H - the +8 trident "Idaugra" {freeze, Stlth+}
   (You found it on level 7 of the Dungeon)

   Stlth:     It makes you more stealthy.
Missiles
 d - 2 throwing nets {!f}
Armour
 a - a +0 robe (worn)
 f - a +1 pair of boots (worn)
 n - a +0 pair of gloves (worn)
Magical Staves
 p - a staff of earth (weapon)
Jewellery
 D - a ring of positive energy (left hand)
 I - a ring of resist corrosion
Scrolls
 c - 3 scrolls of amnesia {unknown}
 e - 7 scrolls of identify {unknown}
 h - 2 scrolls of enchant armour {unknown}
 l - a scroll of teleportation {unknown}
 t - 4 scrolls of vulnerability
 u - 3 scrolls of magic mapping {unknown}
 w - 3 scrolls of silence {unknown}
 z - a scroll of fog {unknown}
 E - 4 scrolls of immolation
 F - 2 scrolls of enchant weapon {unknown}
 G - a scroll of brand weapon {unknown}
Potions
 b - 2 potions of magic
 g - 4 potions of might {unknown}
 i - 8 potions of curing {unknown}
 j - a potion of invisibility
 k - a potion of brilliance
 m - 3 potions of mutation
 o - a potion of cancellation
 q - 4 potions of attraction {unknown}
 r - 3 potions of flight {unknown}
 s - 3 potions of heal wounds
 v - a potion of degeneration {unknown}
 x - a potion of berserk rage {unknown}
 A - a potion of ambrosia {unknown}
 B - a potion of lignification
 C - a potion of haste
 K - a potion of resistance {unknown}


   Skills:
 + Level 9.6 Fighting
 + Level 8.5 Dodging
 - Level 1.4 Stealth
 - Level 12.0 Spellcasting
 - Level 9.0 Transmutations
 - Level 12.0 Earth Magic


You had 19 spell levels left.
You knew the following spells:

 Your Spells              Type           Power      Damage    Failure   Level
a - Sandblast             Erth           100%       2d20      1%          1
b - Passwall              Tmut/Erth      73%        N/A       1%          2
c - Stone Arrow           Conj/Erth      100%       3d13      1%          3
d - Statue Form           Tmut/Erth      58%        N/A       6%          6
v - Poisonous Vapours     Pois/Air       36%        N/A       4%          2
y - Cigotuvi's Dreadful   Necr/Pois/Air  36%        N/A       4%          2

Your spell library contained the following spells:

 Spells                   Type           Power      Damage    Failure   Level
 Petrify                  Tmut/Erth      88%        N/A       1%          4
 Mephitic Cloud           Conj/Pois/Air  18%        N/A       9%          3
 Dispel Undead            Necr           18%        3d11      28%         4
 Freezing Cloud           Conj/Ice/Air   9%         6-21      61%         5
 Metabolic Englaciation   Hex/Ice        9%         N/A       61%         5
 Death Channel            Necr           9%         N/A       99%         6


Dungeon Overview and Level Annotations

Branches:
Dungeon (10/15) Zot: 3532  Temple (0/1) D:4         Ossuary (visited)
 Bailey (visited)
   Lair: D:8-11         Orc: D:9-12

Altars:
Elyvilon
Gozag
Qazlal

Shops:
D:6 :   D:10 :::::

Annotations:
D:3 3 runed translucent doors


Innate Abilities, Weirdness & Mutations

You passively map the area around you.
You are easily found by Zot.
You glow in the dark.
You regain HP and MP as you explore.
You are partially covered in iridescent scales. (AC +2)
Your mind is very acute. (Int +8, Str/Dex -2)
You are robust. (+10% HP)
You expend magic power (3 MP) to strengthen your wands.
You passively dampen the noise of your surroundings.


Message History

Aim: a gargoyle, wielding a +0 flail of holy wrath (almost destroyed, 89% to hit)
You feel a surge of power!
The stone arrow hits the gargoyle!
You destroy the gargoyle!
Health restored: 116 You now have 16/29 mp.
You now have 4057 gold pieces (gained 4).
You see here a +0 flail of holy wrath.
You regained 4 mp, and now have 21/29 mp.
You regained 2 mp, and now have 23/29 mp.
Found a stone staircase leading down.
You now have 4069 gold pieces (gained 12).
Found a stone staircase leading up.
MP restored: 29
There is an entrance to Ycypaut's Book Shoppe here.
Shopping list: replace 252gp book of Spatial Translocations on D:6 with cheaper one? (Y/n)
You can access your shopping list by pressing '$'. [a] 599 gold - Wurpheirgh's Jewellery Shoppe [b] 656 gold - Bilehy's Assorted Antiques [c] 516 gold - Umetun's Book Boutique Fund which merchant?
Umetun invites you to visit his Book Boutique. [a] 812 gold - Qifoos's Antique Armour Shop [b] 850 gold - Detsef's Book Boutique [c] 891 gold - Befilos's Armour Boutique Fund which merchant?
You no longer have enough gold to bribe branches to halt enemies' attacks and recruit allies.
Detsef invites you to visit his Book Boutique. [a] 1026 gold - Plog's Assorted Antiques [b] 1032 gold - Ycodotix's Antique Weapon Shoppe [c] 1036 gold - Modwenke's Book Shoppe Fund which merchant?
Modwenke invites you to visit her Book Shoppe.
There is an entrance to Ycypaut's Book Shoppe here. [a] 715 gold - Nejy's Armour Boutique [b] 777 gold - Jegigeuph's Book Shop [c] 1088 gold - Reorphi's Antique Weapon Shop Fund which merchant?
You no longer have enough gold to fund merchants seeking to open stores in the dungeon.
Jegigeuph invites you to visit his Book Shop.
Are you sure you want to abandon this character and quit the game? (Confirm with "yes".)

* #....#.###.# *
#..........# ** *
#......###.#
#....###..< * *
###.....##.#,#
#..........#.# *
##...........# ,
#..)...∩∩∩...###* **
#......@∩.......# *
*
###..........#.....
*
##|.......#.......##
##....####.......#.#
* * ######..####
######### .. ,, ,,
.......## # ########


There were no monsters in sight!

Vanquished Creatures
  An orc warlord (Bailey)
  A two-headed ogre (D:10)
  An orc knight (Bailey)
  A gargoyle (D:10)
  5 yaks (D:10)
  16 orc warriors
  A black bear (D:6)
  An ice beast (D:6)
  A sky beast (D:6)
  2 hornet zombies (Ossuary)
  An ogre (D:7)
  2 bullfrogs
  A gnoll sergeant (D:7)
  5 scorpions
  2 wyvern zombies (Ossuary)
  2 water moccasin zombies (Ossuary)
  3 wights (D:7)
  5 killer bees (D:9)
  A howler monkey (D:6)
  4 electric eels (D:6)
  3 bullfrog zombies (Ossuary)
  2 centaur zombies (Ossuary)
  7 orc priests
  A gnoll bouda (D:6)
  2 jellies
  3 hounds
  An iguana (D:6)
  2 sleepcaps
  3 orc wizards
  3 killer bee zombies (Ossuary)
  16 mummies
  2 howler monkey zombies (Ossuary)
  14 gnolls
  5 adders
  A shadow imp (D:5)
  An ufetubus (D:6)
  A worm (D:3)
  30 orcs
  2 ball pythons
  2 bats
  An endoplasm (D:2)
  4 giant cockroaches
  14 goblins
  11 hobgoblins
  6 jackals
  A kobold (D:4)
  2 quokkas
  A frilled lizard (D:1)
  A goblin zombie (D:4)
  An orc zombie (D:4)
  3 rats
202 creatures vanquished.

Notes
Turn   | Place    | Note
-------+----------+-------------------------------------------
     0 | D:1      | Psyclone the Meteoran Earth Elementalist began the quest
                  | for the Orb.
     0 | D:1      | Reached XP level 1. HP: 14/14 MP: 5/5
    64 | D:1      | Identified 3 scrolls of acquirement
    64 | D:1      | Acquired 1248 gold pieces
    65 | D:1      | Acquired 1275 gold pieces
    88 | D:1      | Acquired 1252 gold pieces
   159 | D:1      | Reached XP level 2. HP: 20/20 MP: 3/6
   193 | D:1      | Gained mutation: You are partially covered in iridescent
                  | scales. (AC +2) [potion of mutation]
   193 | D:1      | Gained mutation: You expend magic power (3 MP) to
                  | strengthen your wands. [potion of mutation]
   193 | D:1      | Gained mutation: You have hidden genetic potential. [potion
                  | of mutation]
   193 | D:1      | Gained mutation: You have great hidden genetic potential.
                  | [potion of mutation]
   301 | D:2      | Reached XP level 3. HP: 26/26 MP: 6/8
   325 | D:2      | Reached XP level 4. HP: 33/33 MP: 5/10
   328 | D:2      | Learned a level 2 spell: Passwall
   328 | D:2      | Gained mutation: You passively dampen the noise of your
                  | surroundings. [hidden potential]
   332 | D:2      | Learned a level 3 spell: Stone Arrow
   460 | D:3      | Found a runed translucent gate.
   460 | D:3      | Found a runed translucent gate.
   460 | D:3      | Found a runed translucent gate.
   527 | D:4      | Noticed a scorpion
   532 | D:4      | Killed a scorpion
   533 | D:4      | Reached skill level 5 in Earth Magic
   533 | D:4      | Reached XP level 5. HP: 38/38 MP: 8/12
   534 | D:4      | Gained mutation: You are robust. (+10% HP) [hidden
                  | potential]
   534 | D:4      | Lost mutation: You have great hidden genetic potential.
                  | [hidden potential expressed]
   588 | D:4      | Found a white marble altar of Elyvilon.
   600 | D:4      | Reached XP level 6. HP: 49/49 MP: 12/14
   676 | D:4      | Found a staircase to the Ecumenical Temple.
   692 | D:4      | Found a stormy altar of Qazlal.
   750 | D:4      | Found a sand-covered staircase.
   755 | Ossuary  | Entered an ossuary
   763 | Ossuary  | Reached skill level 5 in Spellcasting
   772 | Ossuary  | Gained mutation: Your mind is acute. (Int +4, Str/Dex -1)
                  | [hidden potential]
   776 | Ossuary  | Reached XP level 7. HP: 44/55 MP: 6/16
   904 | Ossuary  | Gained mutation: Your mind is very acute. (Int +8, Str/Dex
                  | -2) [hidden potential]
   904 | Ossuary  | Lost mutation: You have hidden genetic potential. [hidden
                  | potential expressed]
   970 | Ossuary  | Reached XP level 8. HP: 52/62 MP: 4/18
  1209 | Ossuary  | Reached skill level 5 in Transmutations
  1214 | Ossuary  | Glimpsed the power of Zot.
  1242 | D:5      | Entered Level 5 of the Dungeon
  1328 | D:5      | Gained mutation: You passively map the area around you.
                  | [Meteoran growth]
  1328 | D:5      | Reached XP level 9. HP: 67/68 MP: 18/21
  1529 | D:6      | Found Xixtot's Book Boutique.
  1821 | D:6      | Reached skill level 10 in Earth Magic
  1838 | D:6      | Reached XP level 10. HP: 74/75 MP: 22/24
  1938 | D:7      | Learned a level 2 spell: Cigotuvi's Dreadful Rot
  1941 | D:7      | Learned a level 2 spell: Poisonous Vapours
  1969 | D:7      | Reached skill level 10 in Spellcasting
  1986 | D:7      | Identified the +8 trident "Idaugra" {freeze, Stlth+}
  2150 | D:7      | Found a flagged portal.
  2272 | Bailey   | Entered a bailey
  2302 | Bailey   | Learned a level 6 spell: Statue Form
  2484 | Bailey   | Noticed an orc warlord
  2484 | Bailey   | Noticed an orc knight
  2538 | Bailey   | Killed an orc warlord
  2539 | Bailey   | Reached XP level 11. HP: 81/81 MP: 19/27
  2547 | Bailey   | Killed an orc knight
  2610 | Bailey   | Reached skill level 1 in Fighting
  2616 | Bailey   | Identified the +0 chain mail of Saogadd {rC+ rN+++ Str+2
                  | Int-2}
  2621 | Bailey   | Glimpsed the power of Zot.
  2648 | Bailey   | Reached XP level 12. HP: 84/113 MP: 24/29
  2662 | Bailey   | Glimpsed the power of Zot.
  3000 | D:9      | Identified the +7 battleaxe of Sustre {heavy, Str+5}
  3025 | D:10     | Entered Level 10 of the Dungeon
  3031 | D:10     | Found an opulent altar of Gozag.
  3031 | D:10     | Noticed a two-headed ogre
  3037 | D:10     | Killed a two-headed ogre
  3061 | D:10     | Became a worshipper of Gozag Ym Sagoz the Greedy
  3235 | D:10     | Found Ycypaut's Book Shoppe.
  3267 | D:10     | Quit the game

Illustrated notes

Levels and vault maps discovered:
D:1:      spicycebolla_arrival_ecumenical, layout_loops_ring
D:2:      layout_basic
D:3:      layout_rooms, mainiacjoe_overflow_paths, gammafunk_ghost_necromancy
D:4:      layout_rooms, tso_metal_star, mainiacjoe_overflow_catwalk,
          elyvilon_altar_5, minmay_temple_entry_stoned_glass,
          nicolae_ossuary_entry_giza, minmay_misc_feat_square, minivault_4
D:5:      layout_basic
D:6:      kennysheep_six_static_rooms, layout_basic, serial_shops,
          nicolae_shop_stone, serial_bayou_lagoon_b
D:7:      layout_basic, enter_bailey_2
D:8:      minmay_recursive_quarters, layout_layer_cave
D:9:      layout_gridville, trog_book
D:10:     kb_forest_paths, layout_basic,
          nicolae_gozag_cash_rules_everything_around_me, serial_shops, shop,
          minmay_tree_intersection, kennysheep_path_1

Skill      XL: |  1  2  3  4  5  6  7  8  9 10 11 12 |
---------------+-------------------------------------+-----
Spellcasting   | 3 4 5 6 7 9 11 12 | 12.0
Earth Magic    | 4 5 6 7 8 10 11 12 | 12.0
Transmutations | 2 3 4 5 6 8 9 |  9.0
Fighting       | 8 9 |  9.6
Dodging        | 7 8 |  8.5
Stealth        | |  1.4

Action                     |  1- 3 |  4- 6 |  7- 9 | 10-12 || total
---------------------------+-------+-------+-------+-------++-------
  Melee: Staff             |       |       |       |     2 ||     2
   Cast: Sandblast         |    13 |    41 |   129 |   156 ||   339
         Passwall          |       |     4 |     1 |     4 ||     9
         Poisonous Vapours |       |       |       |     5 ||     5
         Statue Form       |       |       |       |     5 ||     5
         Stone Arrow       |       |       |       |    21 ||    21
 Invoke: Call Merchant     |       |       |       |     4 ||     4
    Use: Scroll            |     3 |       |     2 |     6 ||    11
         Potion            |     1 |       |       |     8 ||     9
 Armour: Robe              |       |     3 |    15 |    12 ||    30
         Skin              |       |       |       |   105 ||   105
  Dodge: Dodged            |     1 |     3 |    34 |   170 ||   208
